[Event "Paris FIDE GP"]
[Site "Elancourt"]
[Date "2013.09.28"]
[Round "6"]
[White "Grischuk, Alexander"]
[Black "Nakamura, Hikaru"]
[Result "1/2-1/2"]
[ECO "E06"]
[WhiteElo "2785"]
[BlackElo "2772"]
[Annotator "ChessBase Website"]
[PlyCount "83"]
[EventDate "2013.09.22"]
[EventType "tourn"]
[EventRounds "11"]
[EventCountry "FRA"]
[EventCategory "20"]
[SourceTitle "CBM 157"]
[Source "ChessBase"]
[SourceDate "2013.11.12"]
[SourceVersion "1"]
[SourceVersionDate "2013.11.12"]
[SourceQuality "1"]
[TimeControl "40/7200:20/3600:900+30"]
[WhiteClock "2:00:00"]
[BlackClock "2:00:00"]

1. d4 d5 2. Nf3 Nf6 3. c4 e6 4. Nc3 Be7 5. g3 O-O 6. Bg2 dxc4 7. Ne5 c5 8. dxc5 Qxd1+ 9. Nxd1 Bxc5 10. Ne3 Nbd7 $146 (
10... Bb4+ 11. Bd2 Bxd2+ 12. Kxd2 Rd8+ 13. Kc2 {1/2-1/2 (13) Ivanov,M (2492)
-Lechtynsky,J (2420) Teplice 2008}) 11. N5xc4 Rb8 12. Na5 Ne5 13. Nec4 Bb4+ 14. Bd2 Bxd2+ 15. Kxd2 Rd8+ 16. Kc3 Nxc4 17. Kxc4 {[%emt 0:08:47] Grischuk's king was on c4 by move 17, but
that is not as exciting as it sounds as the truth of the position was that
Black had already taken a slight initiative in an endgame that had a
symmetrical pawn structure. Nakamura neutralized Grischuk's Catalan without
problems and another drawn rook endgame was reached.} b6 18.
Nc6 Bb7 19. Kb3 Bxc6 20. Bxc6 Ng4 21. f3 Ne3 22. Be4 Nf5 23.
Bxf5 exf5 24. Rad1 Re8 25. Rhe1 g6 26. e4 fxe4 27. Rxe4 Rxe4 28. fxe4 Rb7 29. Rd4 Kf8 30. a4 Ke7 31. Kc3 h5 32. b4 Ke6 33.
Kd3 a5 34. Ke3 f6 35. h4 Ra7 36. Kf4 Ra8 37. Rc4 axb4 38. Rxb4 Ra6 39. Rd4 Ra5 40. Rb4 Ra6 41. Rd4 Ra5 42. Rb4 1/2-1/2

[Event "EU-ch 12th"]
[Site "Aix les Bains"]
[Date "2011.03.27"]
[Round "6"]
[White "Jobava, Baadur"]
[Black "Azarov, Sergei Nikolaevich"]
[Result "1/2-1/2"]
[ECO "E06"]
[WhiteElo "2707"]
[BlackElo "2615"]
[Annotator "Marchand,A/Primel,D"]
[PlyCount "105"]
[EventDate "2011.03.22"]
[EventType "swiss"]
[EventRounds "11"]
[EventCountry "FRA"]
[SourceTitle "CBM 142 Extra"]
[Source "ChessBase"]
[SourceDate "2011.06.27"]
[SourceVersion "1"]
[SourceVersionDate "2011.06.27"]
[SourceQuality "1"]
[TimeControl "40/5400+30:1800+30"]

1. Nf3 Nf6 2. c4 e6 3. g3 d5 4. Bg2 Be7 5. O-O O-O (5... c5) 6. Qc2 (6. d4) (6.
b3 c5 7. Bb2 Nc6 8. e3 (8. cxd5 Nxd5 9. Nc3 Bf6 ) 8... d4) 6...
c5 7. d4 {Retombe sur une Catalane mais où les Noirs ont déjà
joué le coup libérateur c5 et ils égalisent assez vite.} cxd4 (7... Nbd7 $143
8. cxd5 $1 Nxd5 9. Nc3 $14) 8. Nxd4 Nc6 $1 $132 {Profitant du fait que les
Blancs ont joué trés tôt Qc2} (8... Qb6 $5 9. Rd1 Nc6 $11 {Mikenas,V-Bykhovsky,
A URS-ch33 Tallinn 1965 (19) 1-0}) 9. Nxc6 (9. Rd1 Qb6) 9... bxc6 10. b3 (10.
Rd1 Ba6 $1 11. b3 Qb6 12. Be3 Bc5 13. Bxc5 Qxc5 $11 14. Nd2) (
10. Nc3 Ba6) 10... a5 11. Nc3 Ba6 12. Rd1 Qb6 ({RR} 12... Nd7 13. Na4 Nb6 14.
Nxb6 Qxb6 15. Be3 Bc5 16. Bxc5 Qxc5 17. Rac1 Qa3 18. Rd4 dxc4 19. bxc4 Rab8 20.
Rd3 Qc5 21. a3 h6 22. Qd2 Rb6 23. h4 Qe5 24. Re3 Qc5 25. Qc3 a4 26. Re5 Qe7 27.
Ra5 {Romanov,E (2624)-Riazantsev,A (2679)/Olginka 2011/Mega2011 Update 18/1-0 
(68)}) ({Pertinent:} 12... Nd7 13. Na4 Nb6 14. Nxb6 Qxb6 15. Be3 Bc5 16. Bxc5
Qxc5 17. Rac1 Qa3 18. Rd4 dxc4 19. bxc4 Rab8 20. Rd3 Qc5 21. a3 h6 22. Qd2 Rb6
23. h4 Qe5 24. Re3 Qc5 25. Qc3 a4 26. Re5 Qe7 27. Ra5 c5 28. Rxa4 Qc7 29. Ra5
Rc8 30. Rd1 Rcb8 31. Ra4 Rb3 32. Qd2 Qb6 33. Bf3 Rb2 34. Qd7 Rb1 35. Rxb1 Qxb1+
36. Kg2 Qb6 37. Qc6 Qxc6 38. Bxc6 Rb6 39. Be4 Kf8 40. Bd3 Ke7 41. Ra5 Kd6 42.
f3 {Romanov,E (2624)-Riazantsev,A (2679) Olginka 2011 1-0 (68)}) 13. Na4 Qb7
14. Bd2 $146 (14. Bb2 {Vaganian,R (2590)-Georgiev,K (2605) EU-chT (Men) 10th
1992 (7.1) 1/2}) ({Prédécesseur (3):} 14. Rb1 Rfd8 15. Bd2 Bb4 16. Bg5 Be7 17.
e4 dxe4 18. Bxf6 Bxf6 19. Qxe4 Rac8 20. Rxd8+ Rxd8 21. Qxc6 Qxc6 22. Bxc6 Be7
23. Kf1 Rd2 24. Rb2 Rd8 25. Ke2 Bb4 26. Rc2 Rd6 27. Bb5 Bb7 28. c5 Rd5 29. c6
Re5+ 30. Kf1 Rxb5 31. cxb7 Rxb7 32. Rc8+ Bf8 33. Nc5 Re7 34. Rd8 f6 35. Nd7 Rf7
36. Ke2 g6 37. a4 Kg7 38. Nxf8 Rxf8 39. Rxf8 Kxf8 40. b4 Ke7 41. bxa5 Kd6 42.
Kd3 Kc5 43. f4 h6 {Vaganian,R (2645)-Dokhoian,Y (2580) Tilburg 1994 1-0}) 14...
Rfe8 15. Rab1 (15. Bc3) 15... Bb4 16. Bc1 Qe7 $11 17. h3 h6 18. Bb2 Nd7 19. Ba1
Rab8 20. Rbc1 (20. e4) 20... Red8 21. e3 Ba3 22. Rb1 Nc5 23. Qc3 f6 24. Nxc5
Qxc5 25. Qc2 Qe7 26. h4 Rd7 27. Bh3 f5 28. Bf1 Rbd8 29. Be5 Bb4 30. c5 Bxf1 31.
Bd6 Qf6 32. Kxf1 Rb7 33. Rd4 Rb5 (33... e5 $132 ) 34. h5 e5 35.
Rh4 e4 36. Kg2 Bc3 37. Bc7 Ra8 38. Bb6 Be5 39. Rhh1 Kh7 40. a3 Qg5 41. Qe2 Qe7 (41... f4 $5 42. exf4 Bxf4 43. Rh4 Be5 44.
Rxe4 $6 dxe4 45. Qxe4+ Kh8 46. Qxc6 Rf8 47. Qxb5 Bxg3 $1) 42.
Rhd1 Qf7 43. Kg1 Bf6 44. b4 axb4 45. Rxb4 Rxb4 46. axb4 d4 47. exd4 Ra2 48. Rd2
Ra1+ 49. Rd1 Ra2 50. Rd2 {La feuille de partie s'arrête içi et le plateau DGT
a enregistré а tort une répétition de coups jusqu'au 53ème coup} Ra1+ 51. Kh2
Qd5 52. Rd1 Qf7 53. Kg1 1/2-1/2

[Event "Cappelle op 32nd"]
[Site "Cappelle la Grande"]
[Date "2016.02.16"]
[Round "5"]
[White "Yu, Zong Yang"]
[Black "Castellanos Rodriguez, Renier"]
[Result "1/2-1/2"]
[ECO "E06"]
[WhiteElo "2322"]
[BlackElo "2478"]
[Annotator "Primel,D"]
[PlyCount "77"]
[EventDate "2016.02.13"]
[EventType "swiss"]
[EventRounds "9"]
[EventCountry "FRA"]
[SourceTitle "EXT 2017"]
[Source "ChessBase"]
[SourceDate "2016.10.25"]
[SourceVersion "1"]
[SourceVersionDate "2016.10.25"]
[SourceQuality "1"]
[TimeControl "40/5400+30:1800+30"]
[WhiteClock "1:30:00"]
[BlackClock "1:30:00"]

1. d4 Nf6 2. c4 e6 3. Nf3 b6 4. g3 c6 5. Bg2 d5 6. b3 Be7 7. O-O O-O 8. Bb2 Bb7
9. Nbd2 Na6 {Une ligne secondaire} (9... Nbd7 10. Rc1 Rc8 11. e3 c5 12. Qe2 Rc7
13. Rfd1 dxc4 14. Nxc4 Qa8 15. dxc5 Rxc5 16. Ba3 Rxc4 17. Bxe7 Rxc1 18. Rxc1
Rc8 19. Ba3 {1/2-1/2 (19) Saric,A (2545)-Kuljasevic,D (2578) Porec 2014}) 10.
Ne5 Rc8 11. Rc1 c5 12. e3 Rc7 13. Qe2 Qc8 14. Rfd1 cxd4 $146 (14... Rd8 15.
dxc5 Nxc5 16. Ng4 Ncd7 17. cxd5 Bxd5 18. Bxd5 Nxd5 19. Nc4 N5f6 20. Nxf6+ Nxf6
21. Ne5 Rxd1+ 22. Rxd1 Rc2 23. Rd2 Rxd2 24. Qxd2 h6 25. Qc1 Qxc1+ 26. Bxc1 Bd6
27. Nc6 a6 28. Kf1 Kf8 29. f3 Nd5 30. Bd2 Ke8 31. e4 Ne7 32. Nd4 Kd7 33. Ke2 h5
34. Kd3 Nc6 {1/2-1/2 (36) Le,Q (2519)-Magalashvili,D (2459) Yerevan 2006}) 15.
exd4 dxc4 16. Bxb7 Qxb7 17. bxc4 Rfc8 18. Nf1 Bd6 19. Ne3 Bxe5 20. dxe5 Ne4 21.
h4 h6 22. Rd4 Rd7 23. Rcd1 Rcd8 24. Kh2 Rxd4 25. Rxd4 Rxd4 26. Bxd4 Qd7 27. Nc2
Nac5 28. Kg2 $6 (28. f3) 28... Qa4 29. Bxc5 Nxc5 30. Nd4 a6 31. Nf3 Qd7 32. Qb2
Na4 33. Qb4 Qc6 34. h5 b5 35. cxb5 axb5 36. Qe7 Qa8 37. a3 Nb2 38. Qd7 Nc4 39.
Qxb5 1/2-1/2